 Dungeon Crawl Stone Soup version 0.28.0-53-g5a82cb258f (webtiles) character file.

Game seed: 12199868164653850613

478 tizbic2 the Sneak (level 7, 0/66 HPs)
             Began as a Naga Berserker on July 17, 2022.
             Was a Believer of Trog.
             Slain by an orc wizard
             ... wielding the +8 hand axe "Beakhitz" {vamp, *Corrode rF+ rN+}
              (10 damage)
             ... on level 5 of the Dungeon.
             The game lasted 00:17:42 (3447 turns).

tizbic2 the Sneak (Naga Berserker)                  Turns: 3447, Time: 00:17:43

Health: 0/66       AC:  5    Str: 19    XL:     7   Next: 11%
Magic:  7/7        EV:  9    Int:  7    God:    Trog [**....]
Gold:   145        SH:  0    Dex: 13    Spells: 6/6 levels left

rFire   . . .      SeeInvis +   s - +3 hand axe
rCold   . . .      Faith    .   (no shield)
rNeg    . . .      Spirit   .   i - +0 leather armour
rPois   +          Reflect  .   (no helmet)
rElec   .          Harm     .   r - +0 cloak
rCorr   .          Rampage  .   (no gloves)
Will    ++...                   (no barding)
Stlth   +++.......              (no amulet)
HPRegen 1.21/turn               (no ring)
MPRegen 0.10/turn               (no ring)

@: strong-willed, regenerating, very slow
A: AC +2, large, see invisible, deformed body, poison resistance, slowness 2,
spit poison 1, naga tail 1
a: Spit Poison, Renounce Religion, Berserk, Trog's Hand


You were on level 5 of the Dungeon.
You worshipped Trog.
Trog was pleased with you.
You visited 1 branch of the dungeon, and saw 6 of its levels.

You collected 171 gold pieces.
You spent 26 gold pieces at shops.

Inventory:

Hand Weapons
 a - a +0 short sword
 s - a +3 hand axe (weapon)
 w - a +0 dagger
Missiles
 b - 4 boomerangs
 p - a boomerang of dispersal
Armour
 i - a +0 leather armour (worn)
 k - a +0 ring mail
 n - a +0 scale mail
 r - a +0 cloak (worn)
Scrolls
 c - a scroll of summoning
 d - 4 scrolls of teleportation {unknown}
 g - a scroll of noise {unknown}
 j - a scroll of enchant armour {unknown}
 l - a scroll of magic mapping {unknown}
 m - 3 scrolls of identify
Potions
 e - 2 potions of heal wounds {unknown}
 f - a potion of berserk rage
 h - a potion of curing {unknown}
 o - a potion of mutation {unknown}
 q - a potion of might {unknown}


   Skills:
 + Level 4.6 Fighting
 + Level 4.6 Short Blades
 - Level 1.5 Armour
 - Level 1.5 Dodging
 * Level 7.8 Stealth


You had 6 spell levels left.
You didn't know any spells.
Your spell library was empty.

Dungeon Overview and Level Annotations

Branches:
Dungeon (6/15)
 Temple: D:4-7

Altars:
Nemelex Xobeh

Shops:
D:1 ?


Innate Abilities, Weirdness & Mutations

Your serpentine skin is tough. (AC +2)
You have supernaturally acute eyesight. (SInv)
Armour fits poorly on your strangely shaped body.
Your system is resistant to poisons. (rPois)
You cover ground very slowly.
You can spit poison.
You have a snake-like lower body.


Message History

An orc comes into view. It is wielding a +0 club.
You have got your breath back.
You see here a book of Changes.
You feel yourself speed up.
An orc comes into view. It is wielding a +0 dagger.
The orc drinks a potion.
The orc goes berserk!
Things that are here:
a +3 hand axe; a scroll of identify; 14 gold pieces
s - a +3 hand axe;
m - 3 scrolls of identify (gained 1)
You now have 145 gold pieces (gained 14).
The orc hits you with a +0 club. The orc wizard misses you.
The orc shouts!
The orc barely misses you. The orc hits you with a +0 club!
The orc hits you but does no damage. The orc hits you with a +0 club.
The orc wizard hits you but does no damage.
There is a stone staircase leading up here.
The orc hits you but does no damage. x2
The orc wizard hits you with the +8 hand axe "Beakhitz" {vamp, *Corrode rF+ rN+}!
The orc hits you with a +0 club.
You climb upwards.
Found a stone staircase leading down.
There is a stone staircase leading down here.
Your skin crawls.
You feel strong-willed. The orc hits you with a +0 club.
The orc closely misses you.
The orc wizard hits you with the +8 hand axe "Beakhitz" {vamp, *Corrode rF+ rN+}!
* * * LOW HITPOINT WARNING * * *
s - a +3 hand axe (weapon)
The orc hits you with a +0 club.
* * * LOW HITPOINT WARNING * * *
You slash the orc wizard!
The orc wizard is severely wounded.
You barely miss the orc. You hit the orc.
You recover from your berserk rage.
The orc barely misses you. The orc hits you but does no damage.
The orc wizard barely misses you. The orc hits you but does no damage.
The orc closely misses you.
The orc wizard hits you with the +8 hand axe "Beakhitz" {vamp, *Corrode rF+ rN+}!
You die...

# # .#.
#.# #>#
#o# #@#
#oo.#
#...#
#....
#.....
.......
....####
#....#


You could see an orc wizard (invisible) and 2 orcs.

Vanquished Creatures
  A black bear (D:6)
  A phantom (D:6)
  A scorpion (D:6)
  2 hounds
  A jelly (D:6)
  An orc priest (D:3)
  A bullfrog skeleton (D:4)
  2 adders
  3 worms (D:2)
  A dart slug (D:3)
  11 orcs
  6 ball pythons
  2 endoplasms (D:3)
  3 giant cockroaches
  4 goblins
  7 hobgoblins
  6 jackals
  3 kobolds
  A quokka (D:1)
  7 bats
  A frilled lizard (D:2)
  6 rats
71 creatures vanquished.

Notes
Turn   | Place    | Note
-------+----------+-------------------------------------------
     0 | D:1      | tizbic2 the Naga Berserker began the quest for the Orb.
     0 | D:1      | Reached XP level 1. HP: 21/21 MP: 1/1
    57 | D:1      | Reached skill level 1 in Stealth
    60 | D:1      | Reached XP level 2. HP: 9/28 MP: 2/2
   527 | D:1      | Reached skill level 2 in Stealth
   747 | D:1      | Found a faded altar of an unknown god.
   890 | D:1      | Found Xiagioqe's Magic Scroll Boutique.
   898 | D:1      | Bought a scroll of identify for 26 gold pieces
   936 | D:2      | Reached skill level 3 in Stealth
   936 | D:2      | Reached XP level 3. HP: 30/34 MP: 3/3
  1216 | D:2      | Reached ** piety under Trog
  1586 | D:3      | Reached XP level 4. HP: 36/42 MP: 4/4
  1629 | D:3      | Reached skill level 4 in Stealth
  1866 | D:3      | Reached skill level 5 in Stealth
  1866 | D:3      | Reached XP level 5. HP: 10/50 MP: 5/5
  2688 | D:4      | Noticed a phantom
  2720 | D:4      | Reached skill level 6 in Stealth
  2965 | D:4      | You fall into a shaft and drop 2 floors!
  2988 | D:6      | Reached XP level 6. HP: 57/57 MP: 6/6
  3021 | D:6      | HP: 2/85 [acid (10)]
  3341 | D:6      | Found a sparkling altar of Nemelex Xobeh.
  3342 | D:6      | Noticed a black bear
  3356 | D:6      | Killed a black bear
  3357 | D:6      | Reached skill level 7 in Stealth
  3421 | D:6      | Reached XP level 7. HP: 66/66 MP: 7/7
  3435 | D:6      | Identified the +8 hand axe "Beakhitz" {vamp, *Corrode rF+
                  | rN+}
  3444 | D:5      | Entered Level 5 of the Dungeon
  3447 | D:5      | Slain by an orc wizard

Illustrated notes

Levels and vault maps discovered:
D:1:      scummos_arrival_forest, layout_loops_ring,
          chequers_ecumenical_altar_simple_redux, serial_shops,
          nicolae_shop_competitors_out_of_business
D:2:      kb_forest_paths, layout_rooms
D:3:      layout_basic
D:4:      minmay_thinvault, layout_loops_cross, lemuel_doored_altar,
          minmay_temple_entry_drinking_statues, ebering_ghost_disaster_area,
          minmay_shop_damaged, grunt_ministairs_6, uniq_robin
D:5:      layout_loops_ring, amethyst_overflow_temple_binary, serial_shops,
          nicolae_stop_n_shop_2, supply_closet_lemuel, uniq_prince_ribbit1
D:6:      layout_basic, nicolae_uskayaw_dance_hall, kennysheep_okawaru_gauntlet,
          lemuel_crystal_altar, gammafunk_temple_overflow_elements,
          serial_curves, eino_curves_03, eino_curves_01, serial_shops,
          nicolae_shop_trees

Skill      XL: |  1  2  3  4  5  6 |
---------------+-------------------+-----
Stealth        | 1 3 5 6 7 |  7.8
Fighting       | 4 |  4.6
Short Blades   | 4 |  4.6
Armour         | |  1.5
Dodging        | |  1.5

Action                   |  1- 3 |  4- 6 |  7- 9 || total
-------------------------+-------+-------+-------++-------
Melee: Short sword       |    21 |     2 |       ||    23
       Dagger            |    41 |   110 |       ||   151
       Punch             |     2 |     1 |       ||     3
       Hand axe          |       |       |     1 ||     1
Invok: Berserk           |     1 |     2 |       ||     3
       Trog's Hand       |       |     1 |     1 ||     2
 Abil: Spit Poison       |    38 |    32 |     1 ||    71
  Use: Scroll            |     1 |       |       ||     1
 Stab: Sleeping          |     4 |     5 |       ||     9
Armor: Animal skin       |    14 |       |       ||    14
       Ring mail         |       |    17 |       ||    17
       Leather armour    |       |    21 |     6 ||    27
Dodge: Dodged            |    33 |    77 |     6 ||   116
